 Dungeon Crawl Stone Soup version 0.32-a0-616-g9348d4545b (webtiles) character file.

Game seed: 17263452885421344532

1400 ezpacito the Chopper (level 8, 0/62 HPs)
             Began as a Coglin Chaos Knight on Mar 5, 2024.
             Was a Plaything of Xom.
             Slain by an iguana (11 damage)
             ... on level 6 of the Dungeon.
             The game lasted 00:07:09 (4535 turns).

ezpacito the Chopper (Coglin Chaos Knight)          Turns: 4535, Time: 00:07:10

Health: 0/62       AC: 12    Str: 18    XL:     8   Next: 69%
Magic:  11/11      EV:  9    Int: 14    God:    Xom [..*...]
Gold:   56         SH:  0    Dex: 12    Spells: 6/11 levels left

rFire   + . .        a - +0 hand axe (chaos) {Solveig}
rCold   . . .        f - +0 trident {Uttamveer}
rNeg    . . .        o - +0 chain mail
rPois   +            (helmet restricted)
rElec   .            (no cloak)
rCorr   .            e - +2 pair of gloves
SInv    .            (no boots)
Will    ++...        (amulet unavailable) Stlth
                     (ring unavailable)
HPRegen 0.30/turn    (ring unavailable)
MPRegen 0.12/turn    (no gizmo)

%: clarity
@: enlightened, flying, revving
A: off-hand wielding, slow wielding, warmup strikes, no jewellery, antennae 1,
clarity, clever 1, fire resistance 1, strong-willed 1, poison resistance, strong
1, wild magic 1, MP-powered wands
a: Invent Gizmo, Renounce Religion


You were on level 6 of the Dungeon.
You worshipped Xom.
You were a toy of Xom.
You visited 1 branch of the dungeon, and saw 6 of its levels.

You collected 194 gold pieces.
You spent 138 gold pieces at shops.

Inventory:

Hand Weapons
 a - a +0 hand axe of chaos (weapon) {Solveig}
 f - a +0 trident (offhand) {Uttamveer}
 s - a +0 war axe
Missiles
 m - a throwing net
Armour
 e - a +2 pair of gloves (worn)
 n - a +0 helmet
 o - a +0 chain mail (worn)
 u - a +0 plate armour
Magical Staves
 b - a staff of air
Talismans
 j - a blade talisman
 p - a flux talisman
Wands
 l - a wand of polymorph (14)
 q - a wand of flame (7)
Scrolls
 i - a scroll of silence {unknown}
 k - a scroll of amnesia
 v - a scroll of enchant weapon {unknown}
Potions
 c - a potion of magic
 g - a potion of brilliance
 h - a potion of haste


   Skills:
 * Level 5.1 Fighting
 * Level 5.3(5.7) Axes
 + Level 2.6(4.1) Polearms
 * Level 4.1 Armour
 * Level 3.6 Dodging
 + Level 2.4 Stealth
 + Level 2.2 Spellcasting
 + Level 3.3 Evocations


You had 6 spell levels left.
You knew the following spells:

 Your Spells              Type           Power      Damage    Failure   Level
a - Ensorcelled Hibernat  Hex/Ice        4%         N/A       98%         2
w - Passwall              Erth           2%         N/A       100%        3

Your spell library contained the following spells:

 Spells                   Type           Power      Damage    Failure   Level
 Shock                    Conj/Air       8%         1d3       95%         1
 Sublimation of Blood     Necr           2%         N/A       98%         2
 Swiftness                Air            2%         N/A       100%        3
 Airstrike                Air            1%         2d(1-17)  100%        4
 Leda's Liquefaction      Alch/Erth      1%         N/A       100%        4
 Petrify                  Alch/Erth      2%         N/A       100%        4
 Summon Blazeheart Golem  Fire/Summ      2%         N/A       100%        4
 Irradiate                Conj/Alch      1%         3d12      100%        5
 Lee's Rapid Deconstruct  Erth           1%         3d4*      100%        5
 Bombard                  Conj/Erth      1%         9d1       100%        6
 Orb of Destruction       Conj           1%         9d5       100%        7
 Spellforged Servitor     Conj/Summ      1%         N/A       100%        7


Dungeon Overview and Level Annotations

Branches:
Dungeon (6/15)
 Temple: D:4-7

Altars:
Cheibriados
Dithmenos
Fedhas
Ru
Sif Muna
Trog
Wu Jian
Yredelemnul
The Shining One

Shops:
D:3 !   D:5 *


Innate Abilities, Weirdness & Mutations

You can wield a second weapon in your off-hand.
It takes a long time for you to wield or remove held weapons.
Your first few attacks do less damage.
You cannot equip rings or amulets.
You have a pair of small antennae on your head.
You possess an exceptional clarity of mind.
Your mind is acute. (Int +4, Str/Dex -1)
Your flesh is heat resistant. (rF+)
You are strong-willed. (Will+)
Your system is resistant to poisons. (rPois)
Your muscles are strong. (Str +4, Int/Dex -1)
Your spells are a little harder to cast, but a little more powerful.
You expend magic power (3 MP) to strengthen your wands.


Message History

You start resting.
You feel yourself slow down.
You regained 2 hp, and now have 21/62 hp.
You start resting.
Xom twists space around you.
Your surroundings suddenly seem different.
Your surroundings suddenly seem different.
Your surroundings suddenly seem different.
An electric eel comes into view.
You regained 9 hp, and now have 30/62 hp.
As you read the scroll of teleportation, it crumbles to dust.
You feel strangely unstable.
The electric eel shoots out a bolt of lightning at you!
The bolt of electricity hits you.
The electric eel shoots out a bolt of lightning at you!
The bolt of electricity hits the plant!
The plant begins to die.
The bolt of electricity hits the plant!
The plant begins to die.
The bolt of electricity hits the plant!
The plant begins to die.
The bolt of electricity hits you!
* * * LOW HITPOINT WARNING * * *
You take 12 damage, and have 18/62 hp.
Okay, then.
It was a potion of enlightenment.
You feel very buoyant.
You fly up into the air.
The electric eel shoots out a bolt of lightning at you!
The bolt of electricity hits the plant!
The plant begins to die.
The bolt of electricity hits you!
* * * LOW HITPOINT WARNING * * *
You take 8 damage, and have 10/62 hp.
Your surroundings suddenly seem different.
An iguana comes into view.
The iguana hisses angrily.
Unknown command.
You hit the iguana with your +0 trident.
The iguana is lightly wounded.
You slash the iguana with your +0 hand axe of chaos!
You burn the iguana. The iguana bites you!
You die... "Huh?
Did I miss anything?"

~~~~......#
P≈~~#######
S~P~.
♣≈P~## ♣
+##########
..........#
..........#
.......@..#
.......l..#
..........#
..........#
..........#
..........#
.#######+##


You could see an iguana.

Vanquished Creatures
  A gargoyle (D:6)
  Sigmund (D:5)
  Duvessa (D:5)
  2 ice beasts (D:6)
  An ogre (D:3)
  A scorpion (D:4)
  A howler monkey (D:5)
  3 bombardier beetles
  2 hounds
  An orc priest (D:4)
  2 iguanas
  Ijyb (D:3)
  5 gnolls
  5 adders
  A white imp (D:4)
  2 ribbon worms
  14 orcs
  8 ball pythons
  5 bats
  6 endoplasms
  6 giant cockroaches
  11 goblins
  4 hobgoblins
  4 jackals (D:1)
  2 quokkas (D:2)
  3 frilled lizards
  8 kobolds
  9 rats
110 creatures vanquished.

Notes
Turn   | Place    | Note
-------+----------+-------------------------------------------
     0 | D:1      | ezpacito the Coglin Chaos Knight began the quest for the
                  | Orb.
     0 | D:1      | Reached XP level 1. HP: 18/18 MP: 1/1
    39 | D:1      | Reached skill level 1 in Dodging
    99 | D:1      | Reached XP level 2. HP: 24/24 MP: 2/2
   213 | D:1      | XOM: noise
   335 | D:1      | Reached XP level 3. HP: 28/29 MP: 3/3
   516 | D:1      | XOM: silly message
   741 | D:2      | Found a blossoming altar of Fedhas.
   920 | D:2      | XOM: silly message
   967 | D:2      | Reached XP level 4. HP: 35/35 MP: 4/4
  1197 | D:3      | Noticed Ijyb
  1217 | D:3      | Reached skill level 1 in Polearms
  1393 | D:3      | Found a snail-covered altar of Cheibriados.
  1469 | D:3      | Found Tuggonou's Distillery.
  1474 | D:3      | Bought a potion of might for 44 gold pieces
  1478 | D:3      | Found a shadowy altar of Dithmenos.
  1479 | D:3      | Found a sacrificial altar of Ru.
  1480 | D:3      | Found a blossoming altar of Fedhas.
  1480 | D:3      | Found an ornate altar of the Wu Jian Council.
  1485 | D:3      | XOM: potion effect (might)
  1486 | D:3      | XOM: potion effect (invisibility)
  1608 | D:3      | Reached XP level 5. HP: 41/41 MP: 6/6
  1642 | D:3      | XOM: silly message
  1696 | D:3      | Found a glowing golden altar of the Shining One.
  1788 | D:3      | Noticed an ogre
  1791 | D:3      | Killed an ogre
  1792 | D:3      | Reached skill level 1 in Stealth
  1792 | D:3      | Reached skill level 1 in Spellcasting
  1792 | D:3      | Reached skill level 1 in Evocations
  1792 | D:3      | Reached XP level 6. HP: 48/48 MP: 7/7
  1798 | D:3      | Killed Ijyb
  1902 | D:3      | XOM: give mutations
  1902 | D:3      | Gained mutation: Your system is resistant to poisons.
                  | (rPois) [Xom's grace]
  1902 | D:3      | Gained mutation: Your spells are a little harder to cast,
                  | but a little more powerful. [Xom's grace]
  1902 | D:3      | Gained mutation: You have hidden genetic potential. [Xom's
                  | grace]
  1902 | D:3      | Gained mutation: You have a pair of small antennae on your
                  | head. [Xom's grace]
  1943 | D:4      | XOM: potion effect (invisibility)
  1951 | D:4      | XOM: smoke on damage
  2053 | D:4      | XOM: divination: detect items
  2121 | D:4      | Found a basalt altar of Yredelemnul.
  2171 | D:4      | Learned a level 2 spell: Ensorcelled Hibernation
  2175 | D:4      | Learned a level 3 spell: Passwall
  2273 | D:4      | XOM: god gift: 4 stones
  2562 | D:4      | XOM: give mutations
  2562 | D:4      | Gained mutation: You possess an exceptional clarity of
                  | mind. [Xom's grace]
  2562 | D:4      | Gained mutation: You expend magic power (3 MP) to
                  | strengthen your wands. [Xom's grace]
  2562 | D:4      | Gained mutation: Your mind is acute. (Int +4, Str/Dex -1)
                  | [Xom's grace]
  2562 | D:4      | Gained mutation: Your flesh is heat resistant. (rF+) [Xom's
                  | grace]
  2878 | D:5      | Entered Level 5 of the Dungeon
  2895 | D:5      | Reached XP level 7. HP: 48/54 MP: 8/8
  2931 | D:5      | Noticed Dowan
  2934 | D:5      | Noticed Duvessa
  2941 | D:5      | Gained mutation: Your muscles are strong. (Str +4, Int/Dex
                  | -1) [hidden potential]
  2945 | D:5      | Killed Duvessa
  2947 | D:5      | Noticed Sigmund
  2948 | D:5      | Dowan changed into Dowan the gnoll
  2948 | D:5      | Noticed Dowan
  2956 | D:5      | Killed Dowan the gnoll
  2960 | D:5      | Killed Sigmund
  3236 | D:5      | Found Ahiar's General Store.
  3241 | D:5      | Bought a throwing net for 36 gold pieces
  3241 | D:5      | Bought a wand of flame (7) for 58 gold pieces
  3270 | D:5      | Reached XP level 8. HP: 44/61 MP: 10/10
  3288 | D:5      | HP: 1/61 [gnoll/+0 halberd (12)]
  3706 | D:5      | Gained mutation: You are strong-willed. (Will+) [hidden
                  | potential]
  3706 | D:5      | Lost mutation: You have hidden genetic potential. [hidden
                  | potential expressed]
  3747 | D:5      | XOM: 1-stop teleportation journey
  4135 | D:5      | Found a shimmering blue altar of Sif Muna.
  4137 | D:5      | Found a bloodstained altar of Trog.
  4451 | D:6      | Noticed a gargoyle
  4457 | D:6      | XOM: butterfly on damage
  4464 | D:6      | XOM: scenery: 1 doors close
  4469 | D:6      | Killed a gargoyle
  4470 | D:6      | Reached skill level 5 in Fighting
  4470 | D:6      | Reached skill level 5 in Axes
  4528 | D:6      | XOM: 3-stop teleportation journey
  4535 | D:6      | Slain by an iguana

Illustrated notes

Levels and vault maps discovered:
D:1:      dpeg_arrival_tiny_d, layout_loops_cross, minmay_distorted
D:2:      layout_rooms, basic_altar
D:3:      layout_basic, nicolae_overflow_crystal_walls,
          grunt_temple_overflow_open, tso_oasis_becter, serial_shops, shop,
          minmay_ogre_servants, uniq_ijyb
D:4:      layout_basic, lemuel_tele_altar, serial_glass, glass_columns_a,
          glass_columns_a, chequers_serial_rivers_micro_c,
          minmay_misc_feat_nine_boxes
D:5:      layout_basic, hellmonk_overflow_destroyed_library, serial_shops,
          nicolae_shop_waterfront, uniq_duvessa, uniq_sigmund
D:6:      layout_basic, nicolae_overflow_hidden_temple, serial_bayou_lagoon_a,
          dreamdust_princess_corridor

Skill      XL: |  1  2  3  4  5  6  7  8 |
---------------+-------------------------+-----
Dodging        | 1 2 3 |  3.6
Armour         | 2 3 4 |  4.1
Polearms       | 1 2 |  2.6
Stealth        | 1 2 |  2.4
Spellcasting   | 1 2 |  2.2
Evocations     | 1 2 3 |  3.3
Axes           | 4 5 |  5.3
Fighting       | 4 5 |  5.1

Action                     |  1- 3 |  4- 6 |  7- 9 || total
---------------------------+-------+-------+-------++-------
  Melee: Hand axe          |    57 |   104 |    77 ||   238
         Dagger            |    13 |       |       ||    13
         Trident           |    73 |   125 |    78 ||   276
         Unarmed           |       |     1 |       ||     1
  Evoke: Wand              |       |     3 |     1 ||     4
    Use: Scroll            |       |     9 |     1 ||    10
         Potion            |       |     4 |     7 ||    11
   Stab: Sleeping          |     4 |     2 |       ||     6
         Invisible         |       |    11 |       ||    11
         Distracted        |       |     1 |       ||     1
 Armour: Leather armour    |    44 |    47 |       ||    91
         Skin              |       |     5 |     7 ||    12
         Chain mail        |       |    30 |    63 ||    93
  Dodge: Dodged            |    41 |    65 |    31 ||   137

Table legend: (Time is in decaauts)
 A = Elapsed time spent in this place.
 B = Non-inter-level travel time spent in this place.
 C = Inter-level travel time spent in this place.
 D = Time resting spent in this place.
 E = Time spent auto-exploring this place.
 F = Levels seen in this place.
 G = Mean time per level.
                   A        B        C        D        E       F      G
               +--------+--------+--------+--------+--------+-----+--------+
         Total |   4530 |   4245 |    285 |    588 |   2869 |   6 |  755.0 |
       Dungeon |   4530 |   4245 |    285 |    588 |   2869 |   6 |  755.0 |
               +--------+--------+--------+--------+--------+-----+--------+

Top non-repeatable levels by time:
     D:5: 1322 daAuts
     D:4: 955 daAuts
     D:1: 685 daAuts
     D:2: 650 daAuts
     D:3: 626 daAuts
     D:6: 289 daAuts
